AoeStats
← 瞌睡虫

Arabia

505072948Analyzed
1v1 RM · 24d ago on Sep 7, 2026· 23m 42s· 2 players
Game mode
Random Map
Map size
Tiny (2 player)
Population
200
Speed
Normal
Resources
Standard
Victory
Conquest
Starting age
Dark Age
Ending age
Imperial Age
RankedLock teamsTeams togetherTeam positionsShared explorationLock speedFull tech treeHidden civsTurbo modeCheats
Victory
Defeat
🇹🇼 Tatars · Taiwan
2093
+14
🇩🇰 Cumans · Denmark
2056
-14
Harty
7:10 Loom
9:41 Feudal Age
11:08 Double-Bit Axe
12:26 Horse Collar
16:11 Fletching
18:48 Padded Archer Armor
23:35 Castle Age
瞌睡虫
6:32 Loom
8:49 Feudal Age
8:59 Man-at-Arms
9:32 Double-Bit Axe
14:18 Fletching
19:28 Castle Age
17:37 Horse Collar
20:15 Bodkin Arrow
21:02 Bow Saw
20:39 Crossbowman
Connection lost

Rejoining the realm…

Still unreachable

The connection could not be restored.

Session expired

The server has moved on; the page needs a fresh start.